AoeStats
← tomwilmore

Glade

510418556Analyzed
1v1 RM · 21h ago on Sep 30, 2026· 31m 25s· 2 players
Game mode
Random Map
Map size
Tiny (2 player)
Population
200
Speed
Normal
Resources
Standard
Victory
Conquest
Starting age
Dark Age
Ending age
Imperial Age
RankedLock teamsTeams togetherTeam positionsShared explorationLock speedFull tech treeHidden civsTurbo modeCheats
Victory
Defeat
🇺🇸 Tupi · United States
734
+16
🇬🇧 Inca · United Kingdom
733
-35
tomwilmore
9:03 Loom
11:55 Feudal Age
14:51 Wheelbarrow
16:02 Double-Bit Axe
16:27 Fletching
17:31 Padded Archer Armor
21:29 Castle Age
26:42 Elite Skirmisher
Stamone05
1:35 Loom
10:30 Feudal Age
11:03 Double-Bit Axe
17:22 Castle Age
16:22 Fletching
16:34 Padded Archer Armor
20:45 Gold Mining
22:46 Bodkin Arrow
24:45 Leather Archer Armor
29:58 Bow Saw
29:44 Stone Mining
Connection lost

Rejoining the realm…

Still unreachable

The connection could not be restored.

Session expired

The server has moved on; the page needs a fresh start.